 Dungeon Crawl Stone Soup version 0.25-a0-1133-g93ebf739aa (webtiles) character file.

Game seed: 11736125067299577838, levelgen mode: classic

76 Amnesiac the Shooter (level 4, 0/25 HPs)
             Began as a Deep Elf Arcane Marksman on May 20, 2020.
             Succumbed to an adder's poison
             ... on level 2 of the Dungeon.
             The game lasted 00:03:58 (1452 turns).

Amnesiac the Shooter (Deep Elf Arcane Marksman)     Turns: 1452, Time: 00:03:59

Health: 0/25       AC:  6    Str:  8    XL:     4   Next: 12%
Magic:  8/8        EV: 10    Int: 18    God:
Gold:   78         SH:  0    Dex: 15    Spells: 3/6 levels left

rFire    . . .     SeeInvis .   a - +0 shortbow
rCold    . . .     Gourm    .   (shield currently unavailable)
rNeg     . . .     Faith    .   c - +0 ring mail
rPois    .         Spirit   .   l - +0 helmet
rElec    .         Reflect  .   (no cloak)
rCorr    .         Harm     .   (no gloves)
MR       .....                  (no boots)
Stlth    +.........             (no amulet)
HPRegen  0.08/turn              (no ring)
MPRegen  0.11/turn              (no ring)

@: lethally poisoned (0 -> -3)
A: no striking features
a: no special abilities


You were on level 2 of the Dungeon.
You were not hungry.

You visited 1 branch of the dungeon, and saw 2 of its levels.

You collected 78 gold pieces.

Inventory:

Hand Weapons
 a - a +0 shortbow (weapon)
Missiles
 d - 3 boomerangs (quivered)
 h - 20 stones
Armour
 c - a +0 ring mail (worn)
 l - a +0 helmet (worn)
Scrolls
 b - a scroll of identify {!r, unknown}
 e - a scroll of immolation {!r, unknown}
 g - a scroll of remove curse {!r, unknown}
 i - 3 scrolls of magic mapping {!r, unknown}
 k - a scroll of enchant armour {!r, unknown}
 n - a scroll of teleportation {!r, unknown}
Comestibles
 f - 2 rations
 m - 2 chunks of flesh


   Skills:
 - Level 1.0 Fighting
 * Level 4.8 Bows
 - Level 2.4 Dodging
 - Level 1.5 Spellcasting
 - Level 4.0 Hexes


You had 3 spell levels left.
You knew the following spells:

 Your Spells              Type           Power        Failure   Level  Hunger
a - Corona                Hex            ###....      12%         1    ##.....
e - Slow                  Hex            ###.....     17%         2    ###....

Your spell library contained the following spells:

 Spells                   Type           Power        Failure   Level  Hunger
 Inner Flame              Hex/Fire       #.......     61%         3    ####...
 Portal Projectile        Hex/Tloc       #.....       61%         3    ####...
 Cause Fear               Hex            ###.......   75%         4    #####..
 Leda's Liquefaction      Hex/Erth       #.........   95%         4    #####..


Dungeon Overview and Level Annotations

Branches:
Dungeon (2/15)

Altars:


Message History

The adder bites you but does no damage.
Throwing (i - inventory. (/) - cycle)
d - 3 boomerangs (quivered)
Press: ? - help, Shift-Dir - straight line, f/p - adder
Aim: an adder (almost dead, slow)
You throw a boomerang. The boomerang closely misses the adder.
The boomerang hits the quokka but does no damage.
You feel sick. The adder bites you.
You are more poisoned.
The adder poisons you! The adder bites you.
* * * LOW HITPOINT WARNING * * *
You are lethally poisoned!
The adder poisons you!
Throwing (i - inventory. (/) - cycle)
d - 3 boomerangs (quivered)
Press: ? - help, Shift-Dir - straight line, f/p - adder
Aim: an adder (almost dead, slow)
You throw a boomerang. The boomerang barely misses the adder.
The boomerang closely misses the quokka.
* * * LOW HITPOINT WARNING * * *
You feel sick. The adder barely misses you.
Throwing (i - inventory. (/) - cycle)
d - 3 boomerangs (quivered)
Press: ? - help, Shift-Dir - straight line, f/p - adder
Aim: an adder (almost dead, slow)
You throw a boomerang. The boomerang closely misses the adder.
The boomerang misses the quokka.
* * * LOW HITPOINT WARNING * * *
You feel sick. The adder closely misses you.
Throwing (i - inventory. (/) - cycle)
d - 3 boomerangs (quivered)
Press: ? - help, Shift-Dir - straight line, f/p - adder
Aim: an adder (almost dead, slow)
You throw a boomerang. The boomerang barely misses the adder.
The boomerang hits the quokka.
You kill the quokka!
* * * LOW HITPOINT WARNING * * *
You feel sick. The adder bites you.
* * * LOW HITPOINT WARNING * * *
Throwing (i - inventory. (/) - cycle)
d - 3 boomerangs (quivered)
Press: ? - help, Shift-Dir - straight line, f/p - adder
Aim: an adder (almost dead, slow)
You throw a boomerang. The boomerang hits the adder.
You kill the adder!
You have reached level 4!
You feel clever.
* * * LOW HITPOINT WARNING * * *
You feel sick.
You see here an adder corpse.
You butcher the adder corpse.
* * * LOW HITPOINT WARNING * * *
You feel sick.
Things that are here:
a chunk of flesh; an adder skeleton Really quaff
j - a silvery potion {!q}?
It was a potion of magic {!q}.
Magic courses through your body.
* * * LOW HITPOINT WARNING * * *
You feel sick.
There is a lethal amount of poison in your body!
* * * LOW HITPOINT WARNING * * *
You feel sick.
* * * LOW HITPOINT WARNING * * *
You feel sick.
* * * LOW HITPOINT WARNING * * *
You feel sick.
A quokka comes into view.
Found 18 gold pieces.
You die...

#......................
#>.....................
##..................r#
##.....##........#.(#
######...###.####.....#..
<.>....##...........(....
......##............($#
......#...........#(#.#
......#.........@.#(#.####
...................((.....
......##.........#..#..###
......###.......##..#.##..
.......#..#).#####...$...#
.........##...###..####..#
#..##.#.....#.##...# # #.#
#.####....##.#...... ..
..# #.....%.#..###.


You could see a quokka.

Vanquished Creatures
  2 adders (D:2)
  A shadow imp (D:2)
  2 worms (D:2)
  3 dart slugs (D:1)
  2 ball pythons (D:1)
  6 bats
  4 giant cockroaches
  4 goblins
  6 hobgoblins (D:1)
  A quokka (D:2)
  2 frilled lizards
  3 kobolds
  A rat (D:1)
37 creatures vanquished.

Vanquished Creatures (others)
  7 toadstools (D:1)
7 creatures vanquished.

Grand Total: 44 creatures vanquished

Notes
Turn   | Place    | Note
-------+----------+-------------------------------------------
     0 | D:1      | Amnesiac the Deep Elf Arcane Marksman began the quest for
                  | the Orb.
     0 | D:1      | Reached XP level 1. HP: 11/11 MP: 5/5
   137 | D:1      | Reached skill level 1 in Fighting
   296 | D:1      | Reached XP level 2. HP: 14/16 MP: 4/6
   300 | D:1      | Learned a level 2 spell: Slow
  1013 | D:1      | Reached XP level 3. HP: 20/20 MP: 3/7
  1439 | D:2      | Reached XP level 4. HP: 6/25 MP: 1/8
  1449 | D:2      | HP: 1/25 [poisoned by an adder]
  1452 | D:2      | Succumbed to an adder's poison

Illustrated notes

Levels and vault maps discovered:
D:1:      nagdon_arrival_double_spiral, layout_basic, serial_bayou_crossing
D:2:      layout_rooms, zin_scriptorium, minmay_tall_x

Skill      XL: |  1  2  3 |
---------------+----------+-----
Fighting       | 1 |  1.0
Bows           | 3 4 |  4.8
Dodging        | |  2.4
Spellcasting   | |  1.5
Hexes          | |  4.0

Action                   |  1- 3 |  4- 6 || total
-------------------------+-------+-------++-------
 Fire: Shortbow          |    94 |       ||    94
Throw: Boomerang         |     7 |       ||     7
       Stone             |     5 |       ||     5
 Cast: Corona            |    36 |       ||    36
       Slow              |     8 |       ||     8
  Use: Potion            |       |     1 ||     1
  Eat: Chunk             |     3 |       ||     3
Armor: Ring mail         |    21 |       ||    21
       Robe              |     1 |       ||     1
Dodge: Dodged            |    49 |       ||    49

Table legend:
 A = Non-vault XP
 B = Vault XP
 C = Vault XP percentage of total XP
 D = Non-vault monster count
 E = Vault monster count
 F = Vault count percentage of total count
                 A         B        C        D         E       F
            +---------+---------+-------+---------+---------+-------
      Total |     109 |       0 |   0.0 |      37 |       0 |   0.0
            +---------+---------+-------+---------+---------+-------
        D:1 |      52 |       0 |   0.0 |      25 |       0 |   0.0
        D:2 |      57 |       0 |   0.0 |      12 |       0 |   0.0
            +---------+---------+-------+---------+---------+-------
